 Dungeon Crawl Stone Soup version 0.28.0-43-g3370ac3207 (webtiles) character file.

Game seed: 12582907118633929040

903 diana the Cruncher (level 7, -2/60 HPs)
             Began as a Demonspawn Gladiator on Mar 18, 2022.
             Slain by an ogre
             ... wielding a +0 halberd
              (12 damage)
             ... in a bailey.
             The game lasted 00:08:06 (4668 turns).

diana the Cruncher (Demonspawn Gladiator)           Turns: 4668, Time: 00:08:07

Health: -2/60      AC: 13    Str: 16 (17) XL:     7   Next: 80%
Magic:  6/6        EV:  8    Int:  7 (9)  God:
Gold:   186        SH:  0    Dex: 20      Spells: 6/6 levels left

rFire   . . .      SeeInvis .   a - +0 quarterstaff
rCold   . . .      Faith    .   (shield currently unavailable)
rNeg    . . .      Spirit   .   n - +0 chain mail
rPois   .          Reflect  .   c - +0 helmet
rElec   .          Harm     .   (no cloak)
rCorr   .          Rampage  .   j - +0 pair of gloves
Will    .....                   (no boots)
Stlth   ..........              (no amulet)
HPRegen 0.20/turn               e - +6 ring of dexterity
MPRegen 0.10/turn               (no ring)

@: studying Armour
A: weakness stinger 2, claws 1, deterioration 2, low MP 1
a: no special abilities


You were in a bailey.
You visited 1 branch of the dungeon, and saw 6 of its levels.
You also visited: Bailey.

You collected 186 gold pieces.

Inventory:

Hand Weapons
 a - a +0 quarterstaff (weapon)
Missiles
 d - 3 throwing nets (quivered)
Armour
 b - a +0 leather armour
 c - a +0 helmet (worn)
 g - a +0 ring mail
 j - a +0 pair of gloves (worn)
 n - a +0 chain mail (worn)
Jewellery
 e - a +6 ring of dexterity (left hand)
Scrolls
 i - a scroll of magic mapping
 k - 2 scrolls of enchant armour
 m - a scroll of acquirement
 o - a scroll of teleportation
 p - a scroll of immolation {unknown}
 s - a scroll of fear {unknown}
 t - a scroll of amnesia {unknown}
Potions
 f - a potion of heal wounds
 h - a potion of resistance


   Skills:
 + Level 7.2 Fighting
 * Level 9.4 Staves
 - Level 1.7 Throwing
 + Level 8.4 Armour
 - Level 2.6 Dodging


You had 6 spell levels left.
You didn't know any spells.
Your spell library contained the following spells:

 Spells                   Type           Power      Damage    Failure   Level
 Ignite Poison            Fire/Tmut/Pois 0%         N/A       100%        3
 Mephitic Cloud           Conj/Pois/Air  0%         N/A       100%        3
 Animate Dead             Necr           0%         N/A       100%        4
 Borgnjor's Vile Clutch   Necr/Erth      0%         N/A       100%        5
 Freezing Cloud           Conj/Ice/Air   0%         6-21      100%        5
 Death Channel            Necr           0%         N/A       100%        6


Dungeon Overview and Level Annotations

Branches:
Dungeon (8/15)               Lair (0/6) D:8          Bailey (1/1)
 Temple: D:4-7

Altars:


Innate Abilities, Weirdness & Mutations

You have a tail ending in a sharp stinger.
You have sharp fingernails.
Your body often deteriorates upon taking damage.
Your magical capacity is low. (-10% MP)


Message History

You thump the spriggan!
You kill the spriggan!
You feel your strength returning.
You enter the shallow water.
Moving in this stuff is going to be slow.
The ogre hits you from afar with a +0 halberd.
A spriggan comes into view. It is wielding a +0 spear.
The spriggan shouts!
You hear a shout!
The ogre barely misses you.
You see here a +0 halberd.
The ogre hits you with a +0 halberd.
An ogre comes into view. It is wielding a +0 halberd.
You see here a +0 halberd.
The ogre shouts!
You hit the ogre.
The ogre is lightly wounded.
The spriggan hits you from afar with a +0 spear.
You barely miss the ogre.
Your tail-slap misses the ogre.
The ogre is lightly wounded.
The ogre hits you with a +0 halberd.
The spriggan hits you but does no damage.
You barely miss the ogre.
The ogre is lightly wounded.
The ogre closely misses you.
You hit the ogre. You tail-slap the ogre!
The ogre is heavily wounded.
The spriggan hits you from afar with a +0 spear.
You sock the ogre!
The ogre is almost dead.
The spriggan hits you but does no damage.
The ogre hits you but does no damage.
You barely miss the ogre.
You tail-slap the ogre, but do no damage.
The ogre is almost dead.
The spriggan hits you from afar with a +0 spear!
* * * LOW HITPOINT WARNING * * *
You hit the ogre.
The ogre is almost dead.
The ogre hits you with a +0 halberd!
You die...

#######
###.....###
##.........##
##...........##
#....∩.@.∩....#
##.....O.....##
##....i....##
###≈≈O≈≈###
#≈≈≈≈≈#
##≈≈≈≈≈##
##.......#
##.........#
##..##♣♣###..#


You could see 2 ogres and a spriggan.

Vanquished Creatures
  A spriggan (Bailey)
  A necrophage (D:8)
  An ogre (Bailey)
  A centaur (D:8)
  An orc priest (D:4)
  A gnoll shaman (D:8)
  A hound skeleton (D:4)
  9 gnolls
  6 adders
  An adder skeleton (D:4)
  3 worms
  3 dart slugs
  6 orcs
  2 ball pythons
  8 bats
  3 endoplasms
  12 goblins
  8 hobgoblins
  6 quokkas
  3 frilled lizards
  3 kobolds
  6 rats
86 creatures vanquished.

Notes
Turn   | Place    | Note
-------+----------+-------------------------------------------
     0 | D:1      | diana the Demonspawn Gladiator began the quest for the Orb.
     0 | D:1      | Reached XP level 1. HP: 16/16 MP: 1/1
   298 | D:1      | Reached skill level 3 in Staves
   410 | D:1      | Gained mutation: You have a small tail. [demonic ancestry]
   410 | D:1      | Reached XP level 2. HP: 22/22 MP: 2/2
  1064 | D:1      | Reached XP level 3. HP: 11/28 MP: 3/3
  1409 | D:2      | Reached skill level 1 in Armour
  1439 | D:2      | Reached XP level 4. HP: 34/34 MP: 4/4
  1828 | D:2      | Reached skill level 4 in Staves
  2495 | D:3      | Identified a scroll of acquirement
  3006 | D:3      | Reached XP level 5. HP: 30/41 MP: 5/5
  3408 | D:4      | Noticed an ogre
  4262 | D:5      | Entered Level 5 of the Dungeon
  4262 | D:5      | You fall into a shaft and drop 3 floors!
  4265 | D:8      | Noticed a centaur
  4267 | D:8      | Reached skill level 9 in Staves
  4267 | D:8      | Reached XP level 6. HP: 49/53 MP: 6/6
  4268 | D:8      | Gained mutation: Your body sometimes deteriorates upon
                  | taking damage. [potion of mutation]
  4268 | D:8      | Gained mutation: You have hidden genetic defects. [potion
                  | of mutation]
  4268 | D:8      | Gained mutation: You have sharp fingernails. [potion of
                  | mutation]
  4284 | D:8      | Gained mutation: You have a tail ending in a sharp stinger.
                  | [demonic ancestry]
  4284 | D:8      | Reached XP level 7. HP: 45/60 MP: 7/7
  4296 | D:8      | Gained mutation: Your body often deteriorates upon taking
                  | damage. [hidden defects]
  4367 | D:8      | Found a flagged portal.
  4384 | Bailey   | Entered a bailey
  4487 | Bailey   | Gained mutation: Your magical capacity is low. (-10% MP)
                  | [hidden defects]
  4487 | Bailey   | Lost mutation: You have hidden genetic defects. [hidden
                  | defects expressed]
  4640 | Bailey   | Noticed a spriggan
  4651 | Bailey   | Killed a spriggan
  4655 | Bailey   | Noticed a spriggan
  4668 | Bailey   | Slain by an ogre

Illustrated notes

Levels and vault maps discovered:
D:1:      matt_arrival_los_fun, layout_loops_ring
D:2:      layout_loops_ring, chequers_serial_rivers_small_3,
          grunt_decor_mini_mirrors, minmay_misc_feat_square,
          minmay_misc_feat_secret_circle, guppyfry_early_orc_mine
D:3:      layout_loops_ring
D:4:      layout_cave_pools, serial_bayou, serial_bayou_crossing,
          serial_bayou_lagoon_b, serial_bayou_pond_c, serial_bayou_ford_a,
          serial_bayou_pond_d, serial_bayou_pond_d, minmay_splitting_lines
D:5:      layout_loops_ring, minitemple, minmay_temple_entry_purple_smoke,
          uniq_edmund
D:8:      layout_loops_ring, david_lair_generic, enter_bailey_3, uniq_erica,
          uniq_maurice, uniq_harold, uniq_gastronok
Bailey:   bailey_polearm_enchanted_keep_hellmonk, bailey

Skill      XL: |  1  2  3  4  5  6 |
---------------+-------------------+-----
Staves         | 3 4 9 |  9.4
Armour         | 1 8 |  8.4
Fighting       | 3 6 7 |  7.2
Throwing       | |  1.7
Dodging        | |  2.6

Action                   |  1- 3 |  4- 6 |  7- 9 || total
-------------------------+-------+-------+-------++-------
Melee: Quarterstaff      |    65 |   155 |    54 ||   274
       Tailslap          |     6 |    17 |     4 ||    27
  Use: Scroll            |       |     7 |       ||     7
       Potion            |       |     5 |       ||     5
Armor: Leather armour    |    11 |       |       ||    11
       Ring mail         |     9 |       |       ||     9
       Chain mail        |     6 |   111 |    30 ||   147
Dodge: Dodged            |    35 |    64 |    18 ||   117
